 Dungeon Crawl Stone Soup version 0.25.0-10-g039870ee82 (webtiles) character file.

Game seed: 7038395175738251342

17973 protoss039 the Eclecticist (level 12, -5/60 HPs)
             Began as a Deep Elf Earth Elementalist on June 23, 2020.
             Was an Elder of Vehumet.
             Slain by a freezing wraith (22 damage)
             ... on level 13 of the Dungeon on June 24, 2020.
             The game lasted 00:42:56 (15423 turns).

protoss039 the Eclecticist (DEEE)                  Turns: 15423, Time: 00:42:57

Health: -5/60      AC:  7    Str:  5    XL:     12   Next: 23%
Magic:  4/36       EV: 13    Int: 26    God:    Vehumet [****..]
Gold:   824        SH:  5    Dex: 15    Spells: 32/47 levels left

rFire    + . .     SeeInvis +   j - +0 short sword
rCold    . . .     Gourm    .   (no shield)
rNeg     . . .     Faith    .   p - +2 robe {Archmagi}
rPois    .         Spirit   .   y - +2 hat {SInv}
rElec    .         Reflect  +   v - scarf {repulsion}
rCorr    .         Harm     .   (no gloves)
MR       +....                  l - +0 pair of boots
Stlth    ++........             k - amulet of reflection
HPRegen  0.20/turn              t - ring of protection from fire
MPRegen  0.25/turn              (no ring)

@: repel missiles
A: no striking features
a: Renounce Religion


You were on level 13 of the Dungeon.
You worshipped Vehumet.
Vehumet was greatly pleased with you.
You were near starving.

You visited 2 branches of the dungeon, and saw 15 of its levels.

You collected 824 gold pieces.

Inventory:

Hand Weapons
 j - a +0 short sword (weapon)
Missiles
 b - 304 stones (quivered)
Armour
 g - +0 acid dragon scales
 l - a +0 pair of boots (worn)
 p - a +2 robe of the Archmagi (worn)
 v - a scarf of repulsion (worn)
 y - a +2 hat of see invisible (worn)
 F - the +3 leather armour of Zin's Envy {Str+4 Dex+4}
   (You found it on level 13 of the Dungeon)

   It affects your strength (+4).
   It affects your dexterity (+4).
Jewellery
 k - an amulet of reflection (around neck)
 t - a ring of protection from fire (left hand)
Wands
 s - a wand of digging (12)
 u - a wand of flame (45)
 B - a wand of disintegration (8)
 E - a wand of iceblast (7)
Scrolls
 c - 3 scrolls of magic mapping
 f - 3 scrolls of teleportation
 o - 7 scrolls of remove curse
 C - 2 scrolls of blinking
 D - a scroll of holy word {unknown}
 H - a scroll of brand weapon {unknown}
 I - a scroll of identify
Potions
 a - 2 potions of heal wounds
 e - 2 potions of magic
 h - 2 potions of lignification
 i - a potion of stabbing
 m - a potion of haste
 n - a potion of curing
 q - 7 potions of flight
 r - a potion of brilliance
 w - a potion of ambrosia
 x - 3 potions of invisibility {unknown}
 z - a potion of mutation {unknown}
 A - a potion of resistance {unknown}
Comestibles
 d - 16 rations


   Skills:
 + Level 1.0 Fighting
 - Level 0.4 Short Blades
 - Level 2.4 Dodging
 - Level 2.4 Stealth
 * Level 18.0 Spellcasting
 + Level 3.5 Conjurations
 + Level 2.3 Transmutations
 * Level 14.1 Earth Magic


You had 32 spell levels left.
You knew the following spells:

 Your Spells              Type           Power        Failure   Level  Hunger
a - Sandblast             Erth           ######       0%          1    None
b - Passwall              Tmut/Erth      #######.     1%          2    None
c - Stone Arrow           Conj/Erth      ######       1%          3    None
d - Petrify               Tmut/Erth      #######.     1%          4    None
e - Lee's Rapid Deconstr  Erth           #######...   1%          5    None

Your spell library contained the following spells:

 Spells                   Type           Power        Failure   Level  Hunger
 Inner Flame              Hex/Fire       #####...     1%          3    None
 Animate Skeleton         Necr           N/A          1%          1    None
 Pain                     Necr           ####         1%          1    None
 Vampiric Draining        Necr           #####.....   6%          3    None
 Animate Dead             Necr           N/A          21%         4    None
 Agony                    Necr           #####...     50%         5    None


Dungeon Overview and Level Annotations

Branches:
Dungeon (14/15)            Temple (1/1) D:7            Lair (0/6) D:10
    Orc (0/2) D:11
 Vaults: D:13-14

Altars:
Ashenzari
Cheibriados
Dithmenos
Elyvilon
Fedhas
Gozag
Hepliaklqana
Kikubaaqudgha
Makhleb
Nemelex Xobeh
Okawaru
Qazlal
Ru
Sif Muna
Trog
Uskayaw
Vehumet
Wu Jian
Xom
Yredelemnul
Zin
The Shining One

Annotations:
D:9 1 runed translucent door, Gastronok; SamuraiZach's ghost, novice TrBe


Message History

You feel a surge of power!
The blast of sand hits the freezing wraith but does no damage.
The freezing wraith is lightly damaged.
b - 304 stones The freezing wraith hits you!
The freezing wraith freezes you!! You block the freezing wraith's attack.
Unknown command.
Unknown command.
Casting: Sandblast (safe; 0% risk of failure)
Confirm with . or Enter, or press ? or * to list all spells.
Aiming: Lee's Rapid Deconstruction (safe; 1% risk of failure)
Press: ? - help, Dir - move target cursor, p - freezing wraith A rock wall.
You feel a surge of power!
The wall shatters!
The blast of rock fragments hits the freezing wraith!!
The freezing wraith is severely damaged.
The freezing wraith hits you!
* * * LOW HITPOINT WARNING * * *
The freezing wraith freezes you!!
You die...

##.....# .......#######
#.###........# ######
#.#≈#........# #....#####
###≈#........# #.#......#
..#≈#.>......# #.######.##
##.≈.#.......# #.........#
.#.≈.........###########.)###
...≈...........W@...........#
.####....##########.......#.#
.###..#..# #.........#.#
...#..#..# #.#.#....÷..#
.#.##.#..### #.#.#.#######
.#.##.#....# #.#<....#
##.##.#.##.# #.#.#.#.#
##.##......# #..^..#.#
##.###..#### ###.###.##


You could see a freezing wraith.

Vanquished Creatures
  A centaur warrior (D:13)
  A two-headed ogre (D:9)
  A tengu warrior (D:14)
  2 unseen horrors
  A wizard (D:8)
  A deep elf mage (D:12)
  Pikel (D:9)
  2 ugly things
  2 manticores
  A cyclops (D:12)
  A gargoyle (D:12)
  Maggie (D:8)
  A merfolk (D:11)
  A troll (D:11)
  2 hornets
  A hippogriff (D:8)
  A meliai zombie (D:12)
  A vampire (D:13)
  A hog (shapeshifter) (D:13)
  2 wyverns
  2 hungry ghosts (D:13)
  7 yaks
  7 vampire mosquitoes (D:13)
  An acid dragon (D:11)
  3 hell hounds (D:12)
  11 ice beasts
  A sky beast (D:9)
  4 slaves
  2 black bears
  3 orc warriors
  A hornet zombie (D:7)
  13 ogres
  4 centaurs
  A crocodile (D:14)
  3 big kobolds
  8 bullfrogs
  A wyvern zombie (D:13)
  3 killer bees
  7 wights
  5 howler monkeys
  8 crimson imps
  2 centaur skeletons
  5 centaur zombies
  A bullfrog zombie (D:8)
  4 hounds
  3 jellies
  4 orc priests
  A bullfrog skeleton (D:8)
  An iguana (D:8)
  11 orc wizards
  11 worker ants
  2 killer bee zombies
  A worker ant zombie (D:9)
  15 adders
  A shadow imp (D:10)
  An adder zombie (D:9)
  2 adder skeletons
  3 dart slugs
  5 leopard geckos
  30 orcs
  6 giant cockroaches
  4 goblins
  7 hobgoblins
  14 jackals
  19 kobolds
  8 quokkas
  3 ball pythons
  A ball python skeleton (D:5)
  7 bats
  2 frilled lizards
  4 rats
  A butterfly (D:7)
299 creatures vanquished.

Notes
Turn   | Place    | Note
-------+----------+-------------------------------------------
     0 | D:1      | protoss039 the Deep Elf Earth Elementalist began the quest
                  | for the Orb.
     0 | D:1      | Reached XP level 1. HP: 10/10 MP: 6/6
   392 | D:1      | Reached XP level 2. HP: 15/15 MP: 4/8
  1294 | D:1      | Found a snail-covered altar of Cheibriados.
  1362 | D:2      | Found a shadowy altar of Dithmenos.
  1366 | D:2      | Reached skill level 4 in Spellcasting
  1369 | D:2      | Reached XP level 3. HP: 15/19 MP: 2/10
  1595 | D:2      | Learned a level 2 spell: Passwall
  2170 | D:3      | Reached skill level 5 in Spellcasting
  2170 | D:3      | Reached XP level 4. HP: 18/24 MP: 1/13
  2889 | D:4      | Noticed an ogre
  2894 | D:4      | Killed an ogre
  2894 | D:4      | Reached skill level 6 in Spellcasting
  2894 | D:4      | Reached skill level 5 in Earth Magic
  2894 | D:4      | Reached XP level 5. HP: 28/28 MP: 10/15
  2953 | D:4      | Learned a level 3 spell: Stone Arrow
  3262 | D:4      | Noticed an ogre
  3265 | D:4      | Killed an ogre
  3265 | D:4      | Reached skill level 7 in Spellcasting
  3265 | D:4      | Reached XP level 6. HP: 17/32 MP: 14/18
  3887 | D:4      | Reached skill level 1 in Conjurations
  3892 | D:4      | Reached skill level 8 in Spellcasting
  3996 | D:5      | Entered Level 5 of the Dungeon
  4019 | D:5      | Reached XP level 7. HP: 36/36 MP: 5/20
  4183 | D:5      | Found a snail-covered altar of Cheibriados.
  4747 | D:5      | Reached skill level 9 in Spellcasting
  4753 | D:5      | Learned a level 4 spell: Petrify
  4759 | D:5      | Learned a level 5 spell: Lee's Rapid Deconstruction
  4966 | D:6      | Found a shattered altar of Ashenzari.
  5086 | D:6      | Reached XP level 8. HP: 37/42 MP: 16/23
  5566 | D:6      | Reached skill level 10 in Spellcasting
  6660 | D:7      | Reached skill level 11 in Spellcasting
  7096 | D:7      | Found a staircase to the Ecumenical Temple.
  7153 | D:7      | Reached XP level 9. HP: 46/46 MP: 21/26
  7340 | Temple   | Entered the Ecumenical Temple
  7374 | Temple   | Became a worshipper of Vehumet
  7971 | D:8      | Noticed a wizard
  7974 | D:8      | Killed a wizard
  7974 | D:8      | Reached skill level 12 in Spellcasting
  8135 | D:8      | Reached skill level 10 in Earth Magic
  8380 | D:8      | Reached skill level 13 in Spellcasting
  8413 | D:8      | Noticed Maggie
  8419 | D:8      | Killed Maggie
  8765 | D:8      | Reached * piety under Vehumet
  8765 | D:8      | Offered knowledge of Magic Dart by Vehumet.
  8765 | D:8      | Reached XP level 10. HP: 51/51 MP: 20/29
  8895 | D:8      | Found a shimmering blue altar of Sif Muna.
  9230 | D:9      | Noticed Gastronok
  9231 | D:9      | Noticed a green ugly thing
  9233 | D:9      | Noticed Pikel
  9409 | D:8      | Killed a green ugly thing
  9409 | D:8      | Reached skill level 14 in Spellcasting
  9582 | D:9      | Killed Pikel
  9688 | D:9      | Noticed a two-headed ogre
  9697 | D:9      | Killed a two-headed ogre
  9750 | D:9      | Found a runed translucent door.
  9840 | D:9      | Offered knowledge of Foxfire by Vehumet.
  9842 | D:9      | Reached ** piety under Vehumet
  9974 | D:9      | Reached skill level 15 in Spellcasting
 10099 | D:9      | Got an ancient robe
 10112 | D:9      | Identified the +0 robe of Mutualism {rC- Int+5} (You found
                  | it on level 9 of the Dungeon)
 10149 | D:9      | Noticed SamuraiZach's ghost (novice TrBe)
 10166 | D:10     | Entered Level 10 of the Dungeon
 10627 | D:10     | Reached XP level 11. HP: 46/55 MP: 26/32
 10748 | D:10     | Noticed an unseen horror
 10751 | D:10     | Killed an unseen horror
 10960 | D:10     | Found a staircase to the Lair.
 11523 | D:11     | Found a staircase to the Orcish Mines.
 11688 | D:11     | Offered knowledge of Searing Ray by Vehumet.
 11810 | D:11     | Reached skill level 16 in Spellcasting
 12026 | D:11     | Reached *** piety under Vehumet
 12707 | D:12     | Noticed an unseen horror
 12710 | D:12     | Killed an unseen horror
 12923 | D:12     | Offered knowledge of Sticky Flame by Vehumet.
 13528 | D:12     | Noticed a deep elf mage
 13530 | D:12     | Killed a deep elf mage
 13794 | D:13     | Reached skill level 17 in Spellcasting
 13989 | D:13     | Noticed a centaur warrior
 13992 | D:13     | Killed a centaur warrior
 14010 | D:13     | Reached **** piety under Vehumet
 14173 | D:13     | Reached XP level 12. HP: 37/60 MP: 28/35
 14382 | D:13     | Got a blackened leather armour
 14393 | D:13     | Identified the +3 leather armour of Zin's Envy {Str+4
                  | Dex+4} (You found it on level 13 of the Dungeon)
 14566 | D:13     | Offered knowledge of Inner Flame by Vehumet.
 14792 | D:13     | Reached skill level 1 in Fighting
 15394 | D:14     | Noticed a tengu warrior
 15397 | D:14     | Killed a tengu warrior
 15397 | D:14     | Reached skill level 18 in Spellcasting
 15423 | D:13     | Slain by a freezing wraith

Illustrated notes

Levels and vault maps discovered:
D:1:      dpeg_arrival_water_altar, layout_basic, serial_bayou,
          serial_bayou_shore_b, serial_bayou_shore_b, serial_bayou_shore_b,
          serial_bayou_pond_d
D:2:      layout_rooms, nicolae_overflow_hidden_temple, first_ration
D:3:      layout_rooms
D:4:      layout_basic
D:5:      layout_rooms, cheibriados_altar_1
D:6:      layout_gridville, nicolae_ashenzari_panopticon
D:7:      layout_rooms, minmay_temple_entry_butterflies,
          kennysheep_windowed_goal
D:8:      cheibrodos_wizards_tower, layout_basic, basic_altar, uniq_maggie
D:9:      layout_cave_pools, ebering_ghost_reflecting_pool, uniq_gastronok,
          uniq_pikel
D:10:     layout_basic, lair_entry_dummy
D:11:     layout_irregular_city, orc_0_dummy, hangedman_fish_farm
D:12:     layout_loops_corners, minmay_rotating_lava
D:13:     layout_basic, serial_rivers, chequers_serial_rivers_marsh,
          chequers_serial_rivers_micro_c, chequers_serial_rivers_micro_b,
          chequers_serial_rivers_large_a, chequers_serial_rivers_micro_c,
          chequers_serial_rivers_large_b
D:14:     layout_rooms, lightli_vaults_fourway_checkpoint, serial_shops, shop,
          minivault_24
Temple:   nicolae_temple_the_god_donut

Skill      XL: |  1  2  3  4  5  6  7  8  9 10 11 12 |
---------------+-------------------------------------+-----
Earth Magic    | 4 5 7 8 10 12 13 14 | 14.1
Spellcasting   | 4 5 6 7 8 9 11 13 15 17 18 | 18.0
Conjurations   | 1 2 3 |  3.5
Transmutations | 2 |  2.3
Fighting       | 1 |  1.0
Short Blades   | |  0.4
Dodging        | |  2.4
Stealth        | |  2.4

Action                   |  1- 3 |  4- 6 |  7- 9 | 10-12 || total
-------------------------+-------+-------+-------+-------++-------
Melee: Short sword       |    10 |     6 |     3 |    12 ||    31
 Cast: Sandblast         |    56 |    40 |    76 |    83 ||   255
       Passwall          |       |     2 |       |       ||     2
       Stone Arrow       |       |     6 |    73 |    78 ||   157
       Lee's Rapid Decon |       |       |    15 |    78 ||    93
       Petrify           |       |       |       |     9 ||     9
  Use: Scroll            |       |    10 |     7 |     7 ||    24
       Potion            |       |       |     3 |     2 ||     5
 Stab: Sleeping          |       |     1 |       |       ||     1
  Eat: Chunk             |     4 |     5 |    13 |    20 ||    42
       Ration            |       |       |     1 |     1 ||     2
Armor: Robe              |     4 |     2 |     6 |    21 ||    33
Dodge: Dodged            |    17 |    14 |    26 |    59 ||   116
       Repelled          |       |       |     1 |     8 ||     9
Block: Other             |       |       |     1 |    22 ||    23
       Reflection        |       |       |       |     3 ||     3
